TOP OF THE 1ST |
Detroit Red Wings batting - Pitching for New Jersey Devils : RHP Dan Mathews
|
Pitching: RHP Dan Mathews
|
|
Batting: RHB Carlos Avila
|
0-0: Called Strike 0-1: Ground out 6-3 (Groundball, 6, EV 80.6 MPH)
|
Batting: RHB Yankel Pensak
|
0-0: Called Strike 0-1: Ball 1-1: Ball 2-1: Swinging Strike 2-2: Fly out, F4 (Popup, 4MD, EV 68.8 MPH)
|
Batting: RHB Cody Kafer
|
0-0: Ball 1-0: Fly out, F9 (Flyball, 9, EV 73.8 MPH)
|
Top of the 1st over - 0 runs, 0 hits, 0 errors, 0 left on base; Detroit 0 - New Jersey 0 |
BOTTOM OF THE 1ST |
New Jersey Devils batting - Pitching for Detroit Red Wings : RHP Edwin Torres
|
Pitching: RHP Edwin Torres
|
|
Batting: SHB Tyler Maddux
|
0-0: Foul Ball, location: 2F 0-1: Ball 1-1: Fly out, F4 (Popup, 4MD, EV 55.6 MPH)
|
Batting: LHB Randolph Brodbeck
|
0-0: Ball 1-0: Foul Ball, location: 2F 1-1: Swinging Strike 1-2: Ball 2-2: Ball 3-2: Base on Balls
|
Batting: RHB Chris Artz
|
0-0: Called Strike 0-1: Ball 1-1: Foul Ball, location: 2F 1-2: Foul Ball, location: 2F 1-2: Foul Ball, location: 2F 1-2: Grounds into double play, 6-4-3 (Groundball, 56D, EV 82.5 MPH)
|
Bottom of the 1st over - 0 runs, 0 hits, 0 errors, 0 left on base; Detroit 0 - New Jersey 0 |
TOP OF THE 2ND |
Detroit Red Wings batting - Pitching for New Jersey Devils : RHP Dan Mathews
|
Batting: RHB Jorge Lebron
|
0-0: Foul Ball, location: 2F 0-1: Foul Ball, location: 2F 0-2: Ball 1-2: Strikes out swinging
|
Batting: SHB Isaiah Bias
|
0-0: Called Strike 0-1: Foul Ball, location: 2F 0-2: Ball 1-2: Ball 2-2: Ball 3-2: Foul Ball, location: 2F 3-2: Base on Balls
|
Batting: RHB António Scarlett
|
0-0: DOUBLE (Flyball, 89D, EV 94.4 MPH) Isaiah Bias to third
|
Batting: LHB Simon Barry
|
0-0: Swinging Strike 0-1: Ball 1-1: Called Strike 1-2: Strikes out looking
|
Batting: LHB Duda Pinho
|
0-0: Ground out 4-3 (Groundball, 4, EV 85.6 MPH)
|
Top of the 2nd over - 0 runs, 1 hit, 0 errors, 2 left on base; Detroit 0 - New Jersey 0 |
BOTTOM OF THE 2ND |
New Jersey Devils batting - Pitching for Detroit Red Wings : RHP Edwin Torres
|
Batting: RHB Warren Carmichael
|
0-0: Called Strike 0-1: Foul Ball, location: 2F 0-2: Fly out, F7 (Flyball, 7, EV 87.5 MPH)
|
Batting: LHB Lupe Garcia
|
0-0: Called Strike 0-1: Swinging Strike 0-2: Ball 1-2: Strikes out swinging
|
Batting: RHB Sergio Andrada
|
0-0: Ball 1-0: Ball 2-0: Called Strike 2-1: Foul Ball, location: 2F 2-2: Ball 3-2: Strikes out swinging
|
Bottom of the 2nd over - 0 runs, 0 hits, 0 errors, 0 left on base; Detroit 0 - New Jersey 0 |
TOP OF THE 3RD |
Detroit Red Wings batting - Pitching for New Jersey Devils : RHP Dan Mathews
|
Batting: RHB Dustin Bursell
|
0-0: Ball 1-0: Swinging Strike 1-1: Swinging Strike 1-2: Strikes out looking
|
Batting: RHB Carlos Avila
|
0-0: Ball 1-0: Called Strike 1-1: Foul Ball, location: 2F 1-2: Foul Ball, location: 2F 1-2: Ball 2-2: Ball 3-2: Strikes out looking
|
Batting: RHB Yankel Pensak
|
0-0: Ball 1-0: Called Strike 1-1: SOLO HOME RUN (Flyball, 7LD, EV 93.1 MPH), Distance : 356 ft
|
Batting: RHB Cody Kafer
|
0-0: Called Strike 0-1: Ground out 4-3 (Groundball, 34, EV 105.0 MPH)
|
Top of the 3rd over - 1 run, 1 hit, 0 errors, 0 left on base; Detroit 1 - New Jersey 0 |
BOTTOM OF THE 3RD |
New Jersey Devils batting - Pitching for Detroit Red Wings : RHP Edwin Torres
|
Batting: RHB Craig Alvarado
|
0-0: SINGLE (Groundball, 6D, EV 102.5 MPH)
|
Batting: SHB Ernesto Mazas
|
0-0: Called Strike 0-1: Ball 1-1: Ball 2-1: Foul Ball, location: 2F 2-2: Foul Ball, location: 2F 2-2: Ball 3-2: Strikes out looking
|
Batting: RHB Oscar Ramirez
|
0-0: Ball 1-0: Ball 2-0: Ball 3-0: Called Strike 3-1: Base on Balls Craig Alvarado to second
|
Batting: SHB Tyler Maddux
|
0-0: Ball 1-0: Foul Ball, location: 2F 1-1: Called Strike 1-2: Foul Ball, location: 2F 1-2: Strikes out looking
|
Batting: LHB Randolph Brodbeck
|
0-0: SINGLE (Line Drive, 3D, EV 105.6 MPH) Craig Alvarado to third Oscar Ramirez to second
|
Batting: RHB Chris Artz
|
0-0: Ball 1-0: Called Strike 1-1: Ball 2-1: Swinging Strike 2-2: Ball 3-2: Ground out 4-3 (Groundball, 6MD, EV 104.4 MPH)
|
Bottom of the 3rd over - 0 runs, 2 hits, 0 errors, 3 left on base; Detroit 1 - New Jersey 0 |
TOP OF THE 4TH |
Detroit Red Wings batting - Pitching for New Jersey Devils : RHP Dan Mathews
|
Batting: RHB Jorge Lebron
|
0-0: Called Strike 0-1: Called Strike 0-2: Ball 1-2: Ground out 6-3 (Groundball, 56, EV 77.5 MPH)
|
Batting: SHB Isaiah Bias
|
0-0: Called Strike 0-1: Ball 1-1: Ball 2-1: Swinging Strike 2-2: SINGLE (Groundball, 4MD, EV 107.5 MPH)
|
Batting: RHB António Scarlett
|
0-0: Called Strike 0-1: Called Strike 0-2: Strikes out looking
|
Batting: LHB Simon Barry
|
0-0: Swinging Strike 0-1: Foul Ball, location: 2F 0-2: Ball 1-2: Fielders Choice at 2nd, 6-4 (Groundball, 6, EV 90.0 MPH)
|
Top of the 4th over - 0 runs, 1 hit, 0 errors, 1 left on base; Detroit 1 - New Jersey 0 |
BOTTOM OF THE 4TH |
New Jersey Devils batting - Pitching for Detroit Red Wings : RHP Edwin Torres
|
Batting: RHB Warren Carmichael
|
0-0: Foul Ball, location: 2F 0-1: Ball 1-1: Ball 2-1: Ball 3-1: Base on Balls
|
Batting: LHB Lupe Garcia
|
0-0: Called Strike 0-1: Ball 1-1: Ball 2-1: Foul Ball, location: 2F 2-2: Ball 3-2: Strikes out looking
|
Batting: RHB Sergio Andrada
|
0-0: Called Strike 0-1: Ball 1-1: Foul Ball, location: 2F 1-2: Strikes out swinging
|
Batting: RHB Craig Alvarado
|
0-0: Called Strike 0-1: Called Strike 0-2: Ball 1-2: Ball 2-2: Fly out, F6 (Popup, P, EV 76.2 MPH)
|
Bottom of the 4th over - 0 runs, 0 hits, 0 errors, 1 left on base; Detroit 1 - New Jersey 0 |
TOP OF THE 5TH |
Detroit Red Wings batting - Pitching for New Jersey Devils : RHP Dan Mathews
|
Batting: LHB Duda Pinho
|
0-0: Foul Ball, location: 2F 0-1: Swinging Strike 0-2: Ball 1-2: Strikes out swinging, 2-3 out at first.
|
Batting: RHB Dustin Bursell
|
0-0: Ball 1-0: Ball 2-0: Swinging Strike 2-1: Ball 3-1: Fly out, F8 (Flyball, 8RD, EV 99.4 MPH)
|
Batting: RHB Carlos Avila
|
0-0: Ball 1-0: Ball 2-0: Called Strike 2-1: Foul Ball, location: 2F 2-2: Foul Ball, location: 2F 2-2: Strikes out looking
|
Top of the 5th over - 0 runs, 0 hits, 0 errors, 0 left on base; Detroit 1 - New Jersey 0 |
BOTTOM OF THE 5TH |
New Jersey Devils batting - Pitching for Detroit Red Wings : RHP Edwin Torres
|
Batting: SHB Ernesto Mazas
|
0-0: Ball 1-0: Foul Ball, location: 2F 1-1: Foul Ball, location: 2F 1-2: Strikes out swinging
|
Batting: RHB Oscar Ramirez
|
0-0: Ball 1-0: Fly out, F9 (Flyball, 89S, EV 90.0 MPH)
|
Batting: SHB Tyler Maddux
|
0-0: Called Strike 0-1: Ball 1-1: Ball 2-1: Foul Ball, location: 2F 2-2: Foul Ball, location: 2F 2-2: Foul Ball, location: 2F 2-2: Ball 3-2: Foul Ball, location: 2F 3-2: Ground out 4-3 (Groundball, 4M, EV 106.9 MPH)
|
Bottom of the 5th over - 0 runs, 0 hits, 0 errors, 0 left on base; Detroit 1 - New Jersey 0 |
TOP OF THE 6TH |
Detroit Red Wings batting - Pitching for New Jersey Devils : RHP Dan Mathews
|
Batting: RHB Yankel Pensak
|
0-0: Ball 1-0: Swinging Strike 1-1: Ball 2-1: Fly out, F7 (Line Drive, 7, EV 96.2 MPH)
|
Batting: RHB Cody Kafer
|
0-0: Ground out 3-1 (Groundball, 34, EV 102.5 MPH)
|
Batting: RHB Jorge Lebron
|
0-0: Called Strike 0-1: Swinging Strike 0-2: Strikes out swinging
|
Top of the 6th over - 0 runs, 0 hits, 0 errors, 0 left on base; Detroit 1 - New Jersey 0 |
BOTTOM OF THE 6TH |
New Jersey Devils batting - Pitching for Detroit Red Wings : RHP Edwin Torres
|
Batting: LHB Randolph Brodbeck
|
0-0: Ball 1-0: Ground out 6-3 (Groundball, 6, EV 80.6 MPH)
|
Batting: RHB Chris Artz
|
0-0: Called Strike 0-1: Swinging Strike 0-2: Ball 1-2: Ground out 6-3 (Groundball, 6, EV 96.2 MPH)
|
Batting: RHB Warren Carmichael
|
0-0: Ball 1-0: Called Strike 1-1: SOLO HOME RUN (Flyball, 7D, EV 97.5 MPH), Distance : 365 ft
|
Batting: LHB Lupe Garcia
|
0-0: Ground out 6-3 (Groundball, 6, EV 84.4 MPH)
|
Bottom of the 6th over - 1 run, 1 hit, 0 errors, 0 left on base; Detroit 1 - New Jersey 1 |
TOP OF THE 7TH |
Detroit Red Wings batting - Pitching for New Jersey Devils : RHP Dan Mathews
|
Batting: SHB Isaiah Bias
|
0-0: Ground out 6-3 (Groundball, 6MS, EV 88.8 MPH)
|
Batting: RHB António Scarlett
|
0-0: Ball 1-0: Foul Ball, location: 2F 1-1: Ball 2-1: Ball 3-1: Base on Balls
|
Batting: LHB Simon Barry
|
0-0: Called Strike 0-1: Fly out, F5 (Popup, 5SF, EV 68.1 MPH)
|
Pitching: RHP Justin Vallis
|
|
Pinch Hitting: RHB John Barton
|
0-0: Foul Ball, location: 2F 0-1: Foul Ball, location: 2F 0-2: Ball 1-2: Strikes out swinging
|
Top of the 7th over - 0 runs, 0 hits, 0 errors, 1 left on base; Detroit 1 - New Jersey 1 |
BOTTOM OF THE 7TH |
New Jersey Devils batting - Pitching for Detroit Red Wings : RHP Edwin Torres
|
Now in RF: John Barton
|
|
Batting: RHB Sergio Andrada
|
0-0: Called Strike 0-1: Foul Ball, location: 2F 0-2: SINGLE (Line Drive, 6D, EV 94.4 MPH)
|
Batting: RHB Craig Alvarado
|
0-0: Ball 1-0: Bunt missed! 1-1: Bunt missed! 1-2: Strikes out swinging
|
Batting: SHB Ernesto Mazas
|
0-0: Ball 1-0: SINGLE (Groundball, 6MS, EV 68.1 MPH) (infield hit) Sergio Andrada to second
|
Pitching: RHP Antonio Hernandez
|
|
Pinch Hitting: RHB Eric Zylstra
|
0-0: Ball 1-0: Called Strike 1-1: Called Strike 1-2: Ball 2-2: Strikes out swinging
|
Batting: SHB Tyler Maddux
|
0-0: Fielders Choice at 2nd, 6-4 (Groundball, 6, EV 86.9 MPH)
|
Bottom of the 7th over - 0 runs, 2 hits, 0 errors, 2 left on base; Detroit 1 - New Jersey 1 |
TOP OF THE 8TH |
Detroit Red Wings batting - Pitching for New Jersey Devils : RHP Justin Vallis
|
Now at 2B: Eric Zylstra
|
|
Now at SS: Craig Alvarado
|
|
Pinch Hitting: RHB Juan Perez
|
0-0: Called Strike 0-1: Ball 1-1: Ball 2-1: Ball 3-1: Called Strike 3-2: Foul Ball, location: 2F 3-2: Fly out, F9 (Flyball, 9D, EV 101.2 MPH)
|
Pinch Hitting: LHB Iestyn Peacock
|
0-0: Ball 1-0: Called Strike 1-1: Ball 2-1: Swinging Strike 2-2: Ball 3-2: Foul Ball, location: 2F 3-2: Foul Ball, location: 2F 3-2: Strikes out swinging
|
Batting: RHB Yankel Pensak
|
0-0: Ground out 6-3 (Groundball, 6, EV 100.0 MPH)
|
Top of the 8th over - 0 runs, 0 hits, 0 errors, 0 left on base; Detroit 1 - New Jersey 1 |
BOTTOM OF THE 8TH |
New Jersey Devils batting - Pitching for Detroit Red Wings : RHP Antonio Hernandez
|
Now at 3B: Roderick Speed
|
|
Now at SS: Salvador Lacosta
|
|
Batting: LHB Randolph Brodbeck
|
0-0: Ball 1-0: Called Strike 1-1: Ground out U3 (Groundball, 3S, EV 65.6 MPH)
|
Batting: RHB Chris Artz
|
0-0: Ball 1-0: Swinging Strike 1-1: Called Strike 1-2: Strikes out swinging
|
Batting: RHB Warren Carmichael
|
0-0: Ground out 5-3 (Groundball, 56, EV 86.9 MPH)
|
Bottom of the 8th over - 0 runs, 0 hits, 0 errors, 0 left on base; Detroit 1 - New Jersey 1 |
TOP OF THE 9TH |
Detroit Red Wings batting - Pitching for New Jersey Devils : RHP Justin Vallis
|
Pinch Hitting: LHB Jose Peralez
|
0-0: Swinging Strike 0-1: Ball 1-1: Foul Ball, location: 2F 1-2: Foul Ball, location: 2F 1-2: Ball 2-2: Foul Ball, location: 2F 2-2: Ground out 3-1 (Groundball, 34S, EV 85.6 MPH)
|
Batting: RHB Jorge Lebron
|
0-0: Ball 1-0: Fly out, F6 (Popup, 56D, EV 65.6 MPH)
|
Batting: SHB Isaiah Bias
|
0-0: Called Strike 0-1: Called Strike 0-2: Ball 1-2: Strikes out swinging
|
Top of the 9th over - 0 runs, 0 hits, 0 errors, 0 left on base; Detroit 1 - New Jersey 1 |
BOTTOM OF THE 9TH |
New Jersey Devils batting - Pitching for Detroit Red Wings : RHP Antonio Hernandez
|
Now in LF: Yuusou Honda
|
|
Pinch Hitting: RHB Bill Crogan
|
0-0: Ball 1-0: Ball 2-0: Ball 3-0: Base on Balls
|
Batting: RHB Sergio Andrada
|
0-0: Bunted foul 0-1: Bunted foul 0-2: Strikes out swinging
|
Pinch Hitting: RHB John Carpenter
|
0-0: Ball 1-0: Ball 2-0: Ball 3-0: Called Strike 3-1: SINGLE (Groundball, 6MD, EV 106.9 MPH) Bill Crogan to second
|
Pinch Hitting: SHB Alex Cavazos
|
0-0: Foul Ball, location: 2F 0-1: Ball 1-1: Foul Ball, location: 2F 1-2: Strikes out swinging
|
Pitching: RHP Chris Wilkerson
|
|
Batting: RHB Eric Zylstra
|
0-0: Called Strike 0-1: SINGLE (Groundball, 5S, EV 75.6 MPH) (infield hit) Bill Crogan to third John Carpenter to second
|
Batting: SHB Tyler Maddux
|
0-0: Ball Wild Pitch! Bill Crogan scores
|
Bottom of the 9th over - 1 run, 2 hits, 0 errors, 2 left on base; Detroit 1 - New Jersey 2 |
|